 Dungeon Crawl Stone Soup version 0.30-b1-2-g02819fbbbe (webtiles) character file.

Game seed: 7111562246420337585

341 prikolics the Grasshopper (level 6, -1/55 HPs)
             Began as a Naga Warper on Aug 6, 2023.
             Slain by an orc
             ... wielding a +0 flail
              (6 damage)
             ... on level 4 of the Dungeon.
             The game lasted 00:20:37 (3510 turns).

prikolics the Grasshopper (Naga Warper)             Turns: 3510, Time: 00:20:37

Health: -1/55      AC:  4    Str: 13    XL:     6   Next: 56%
Magic:  7/9        EV:  9    Int: 15    God:
Gold:   295        SH:  5    Dex: 11    Spells: 4/9 levels left

rFire   + . .        r - staff of death
rCold   . . .        (no shield)
rNeg    + . .        b - +0 leather armour
rPois   +            (no helmet)
rElec   .            w - +0 cloak
rCorr   .            (no gloves)
SInv    +            (no barding)
Will    .....        e - amulet of reflection
Stlth   ++           p - ring of protection from fire
HPRegen 0.29/turn    z - +4 ring of slaying
MPRegen 0.11/turn

%: reflection
@: lethally poisoned (-1 -> -14), attractive, very slow
A: AC +2, large, see invisible, deformed body, poison resistance, slowness 2,
spit poison 1, naga tail 1
a: Spit Poison


You were on level 4 of the Dungeon.
You visited 1 branch of the dungeon, and saw 4 of its levels.

You collected 295 gold pieces.

Inventory:

Hand Weapons
 a - a +0 spear
 h - a +1 dagger of venom
 o - a +0 sling
Missiles
 d - 6 boomerangs of dispersal (quivered)
 t - 38 stones
Armour
 b - a +0 leather armour (worn)
 w - a +0 cloak (worn)
Magical Staves
 r - a staff of death (weapon)
Jewellery
 e - an amulet of reflection (around neck)
 k - an amulet of reflection
 p - a ring of protection from fire (left hand)
 z - a +4 ring of slaying (right hand)
 C - a ring of ice
Wands
 y - a wand of paralysis (4)
Scrolls
 c - a scroll of blinking
 m - 2 scrolls of poison
 n - 4 scrolls of teleportation
 q - a scroll of enchant armour
 u - a scroll of magic mapping
 x - a scroll of silence {unknown}
Potions
 f - a potion of resistance
 g - 2 potions of flight
 i - 3 potions of haste {unknown}
 j - a potion of brilliance {unknown}
 l - 2 potions of attraction
 s - 2 potions of degeneration {unknown}
 v - a potion of curing {unknown}
 A - a potion of invisibility {unknown}
 B - a potion of heal wounds {unknown}


   Skills:
 + Level 2.5 Fighting
 + Level 2.6(3.0) Polearms
 + Level 2.0(2.7) Staves
 + Level 0.9 Throwing
 + Level 2.5 Armour
 + Level 2.1 Dodging
 * Level 2.2 Stealth
 + Level 0.6 Shields
 + Level 2.1 Spellcasting
 - Level 0.2 Necromancy
 + Level 3.3 Translocations
 * Level 1.6 Earth Magic
 * Level 1.8 Evocations


You had 4 spell levels left.
You knew the following spells:

 Your Spells              Type           Power      Damage    Failure   Level
a - Blink                 Tloc           22%        N/A       11%         2
b - Stone Arrow           Conj/Erth      8%         3d7       52%         3

Your spell library contained the following spells:

 Spells                   Type           Power      Damage    Failure   Level
 Lesser Beckoning         Tloc           22%        N/A       11%         2
 Teleport Other           Tloc           11%        N/A       22%         3
 Vhi's Electric Charge    Tloc/Air       12%        N/A       38%         3
 Manifold Assault         Tloc           11%        N/A       56%         4
 Animate Armour           Summ/Erth      8%         N/A       89%         4
 Lehudib's Crystal Spear  Conj/Erth      2%         10d2      100%        8


Dungeon Overview and Level Annotations

Branches:
Dungeon (4/15)
 Temple: D:4-7

Altars:
Elyvilon

Shops:
D:2 *

Annotations:
D:3 3 runed translucent doors, diceflayer's ghost, amateur DsGl


Innate Abilities, Weirdness & Mutations

Your serpentine skin is tough. (AC +2)
You have supernaturally acute eyesight. (SInv)
Armour fits poorly on your strangely shaped body.
Your system is resistant to poisons. (rPois)
You cover ground very slowly.
You can spit poison.
You have a snake-like lower body.


Message History

The orc hits you with a +0 flail. x2; You block the orc's attack.
The orc priest miscasts a cantrip.
You hit the orc priest but do no damage.
The orc priest is lightly wounded.
The orc priest barely misses you. The orc hits you with a +0 flail!
The orc hits you with a +0 flail.
Casting: Stone Arrow (quite dangerous; 52% risk of failure)
Confirm with . or Enter, or press ? or * to list all spells.
You blink.
You have got your breath back.
Aiming: Spit Poison (1% risk of failure)
Press: ? - help, Shift-Dir - straight line, f/p - orc priest
Aim: an orc priest, wielding a +0 mace (lightly wounded, 59% to hit)
The splash of poison hits the orc priest.
The orc priest is poisoned.
The orc priest is moderately wounded.
The orc priest calls down the wrath of Beogh upon you.
You are unaffected.
You completely miss the orc. You hit the orc priest.
The orc priest is severely wounded.
The orc priest hits you with a +0 mace. The orc hits you with a +0 flail.
You block the orc's attack.
You hit the orc priest.
You kill the orc priest!
You have got your breath back.
The orc hits you with a +2 dagger of venom.
You are poisoned.
The orc hits you with a +0 flail.
* * * LOW HITPOINT WARNING * * *
It was a potion of attraction.
You feel attractive to monsters.
You feel stable enough to blink again.
You feel sick.
The orc hits you with a +2 dagger of venom.
* * * LOW HITPOINT WARNING * * *
You are lethally poisoned!
The orc hits you with a +0 flail.
* * * LOW HITPOINT WARNING * * *
The orc hits you with a +0 flail.
You die...

......# .# #.....##
##.## ###.##.## #####
#.....
#.###.######...##...[..
#.#....................
#...♣.♣♣♣♣♣.♣..........
#.#.♣.......♣..........
#...♣.♣...♣.♣oo#.......
##..♣.♣._.♣.♣o@##......
##.♣.♣...♣.♣...##.....
#.♣.......♣....##....
#.♣.♣♣♣♣♣.♣......#...
#.................
###.................
##................
#............<...
##.)........#.


You could see 3 orcs.

Vanquished Creatures
  A centaur (D:4)
  A scorpion (D:4)
  2 orc priests
  4 adders (D:3)
  2 gnolls (D:1)
  A white imp (D:4)
  2 worms
  3 dart slugs
  4 orcs (D:3)
  3 endoplasms
  4 giant cockroaches
  5 goblins
  10 hobgoblins
  A quokka (D:1)
  7 ball pythons
  4 bats
  5 frilled lizards
  8 kobolds
  3 rats
70 creatures vanquished.

Notes
Turn   | Place    | Note
-------+----------+-------------------------------------------
     0 | D:1      | prikolics the Naga Warper began the quest for the Orb.
     0 | D:1      | Reached XP level 1. HP: 19/19 MP: 3/3
    67 | D:1      | Reached skill level 1 in Armour
   107 | D:1      | Reached XP level 2. HP: 21/26 MP: 5/5
   111 | D:1      | Learned a level 2 spell: Blink
   467 | D:1      | HP: 1/26 [gnoll/+0 club (5)]
   469 | D:1      | Reached XP level 3. HP: 2/32 MP: 1/6
  1689 | D:2      | Found Exit's Assorted Antiques.
  1928 | D:3      | Reached XP level 4. HP: 11/39 MP: 7/7
  2167 | D:3      | Learned a level 3 spell: Stone Arrow
  2446 | D:3      | Reached skill level 1 in Stealth
  2446 | D:3      | Reached skill level 1 in Evocations
  2446 | D:3      | Reached XP level 5. HP: 38/46 MP: 8/8
  2457 | D:3      | Reached skill level 1 in Earth Magic
  2534 | D:3      | Reached skill level 1 in Staves
  2628 | D:3      | Found a runed translucent gate.
  2629 | D:3      | Found a runed translucent gate.
  2631 | D:3      | Found a runed translucent gate.
  2633 | D:3      | Noticed diceflayer's ghost (amateur DsGl)
  3185 | D:4      | Noticed a centaur
  3202 | D:4      | Killed a centaur
  3203 | D:4      | Reached XP level 6. HP: 21/55 MP: 9/9
  3464 | D:4      | Found a white marble altar of Elyvilon.
  3510 | D:4      | Slain by an orc

Illustrated notes

Levels and vault maps discovered:
D:1:      lightli_arrival_chessboard, layout_loops_ring
D:2:      layout_loops_cross, serial_shops, nicolae_shop_tiny_statue_garden,
          uniq_crazy_yiuf_cottage
D:3:      layout_rooms, ebering_ghost_rock_garden, chequers_arboretum,
          eino_tiny_chamber, st_stairs_7, minmay_diced_spiral
D:4:      layout_cave_pods, mainiacjoe_overflow_cross_hatched

Skill      XL: |  1  2  3  4  5 |
---------------+----------------+-----
Armour         | 1 2 |  2.5
Dodging        | 2 |  2.1
Stealth        | 1 2 |  2.2
Evocations     | 1 |  1.8
Earth Magic    | 1 |  1.6
Staves         | 2 |  2.0
Fighting       | |  2.5
Polearms       | |  2.6
Throwing       | |  0.9
Shields        | |  0.6
Spellcasting   | |  2.1
Necromancy     | |  0.2
Translocations | |  3.3

Action                     |  1- 3 |  4- 6 || total
---------------------------+-------+-------++-------
  Melee: Spear             |   112 |       ||   112
         Punch             |     2 |     1 ||     3
         Staff             |    58 |   201 ||   259
  Throw: Boomerang         |     4 |       ||     4
   Cast: Blink             |     1 |     1 ||     2
Ability: Spit Poison       |       |    11 ||    11
    Use: Scroll            |     4 |     2 ||     6
         Potion            |       |     1 ||     1
   Stab: Sleeping          |     1 |     1 ||     2
 Armour: Leather armour    |    10 |    71 ||    81
  Dodge: Dodged            |    53 |    90 ||   143
  Block: Other             |    31 |    39 ||    70
         Reflection        |       |     2 ||     2
